 Dungeon Crawl Stone Soup version 0.19.1-1-g22dce08 (webtiles) character file.

569 Kwzr the Insei (level 7, -9/45 HPs)
             Began as an Octopode Transmuter on Jan 2, 2017.
             Was a Follower of Uskayaw.
             Mangled by Pikel
             ... wielding a +0 whip of electrocution
              (14 damage)
             ... on level 6 of the Dungeon.
             The game lasted 00:19:48 (4106 turns).

Kwzr the Insei (Octopode Transmuter)                Turns: 4106, Time: 00:19:53

Health: -9/45      AC:  2    Str: 13    XL:     7   Next: 33%
Magic:  9/11       EV: 22    Int: 15    God:    Uskayaw [*.....]
Gold:   180        SH:  0    Dex: 18    Spells: 2 memorised, 8 levels left

rFire  . . .     SeeInvis .       - Unarmed
rCold  . . .     Gourm    .     (shield currently unavailable)
rNeg   . . .     Faith    .     (helmet currently unavailable)
rPois  x         Spirit   .     (no amulet)
rElec  .         Reflect  .     y - +2 ring of strength
rCorr  .         Harm     .     (no ring)
MR     .....                    (no ring)
Stlth  +++.......               (no ring)
                                (no ring)
                                (no ring)
                                (no ring)
                                (no ring)

@: spider-form (expiring)
A: almost no armour, stealthy swim, (amphibious), 8 rings, (constrict 8),
(camouflage 0), (gelatinous body 0)
a: End Transformation, Stomp, Renounce Religion


You were on level 6 of the Dungeon.
You worshipped Uskayaw.
Uskayaw was noncommittal.
You were not hungry.
You were a venomous arachnid creature.
You visited 1 branch of the dungeon, and saw 6 of its levels.

You collected 180 gold pieces.

Inventory:

Hand Weapons
 b - a +0 blowgun
 B - a +1 long sword of electrocution
Missiles
 a - 12 arrows
 i - 11 curare-tipped needles
 v - 8 needles of frenzy
 x - 2 poisoned needles
Magical Staves
 A - an uncursed staff of earth
Jewellery
 y - a +2 ring of strength (left front leg)
Scrolls
 d - a scroll of enchant armour {unknown}
 e - a scroll of remove curse {unknown}
 f - 5 scrolls of identify {unknown}
 h - a scroll of teleportation {unknown}
 l - a scroll of immolation {unknown}
 n - 3 scrolls of amnesia {unknown}
 p - a scroll of recharging {unknown}
 r - 2 scrolls of enchant weapon {unknown}
 z - a scroll of fear {unknown}
Potions
 g - a potion of magic
 j - a potion of curing
 k - a potion of agility {unknown}
 m - 2 potions of haste {unknown}
 o - 2 potions of degeneration {unknown}
 q - a potion of heal wounds {unknown}
 w - a potion of lignification {unknown}
Books
 s - a book of Changes

   Spells                             Type                      Level
   a - Beastly Appendage              Transmutation                1
   b - Sticks to Snakes               Transmutation                2
   c - Spider Form                    Transmutation/Poison         3
   d - Ice Form                       Ice/Transmutation            4
   e - Blade Hands                    Transmutation                5
Comestibles
 c - 2 bread rations
 u - 4 meat rations


   Skills:
 * Level 2.4 Fighting
 + Level 3.8 Dodging
 - Level 4.0 Stealth
 + Level 4.5 Unarmed Combat
 * Level 3.0 Spellcasting
 - Level 4.0 Transmutations


You had 8 spell levels left.
You knew the following spells:

 Your Spells              Type           Power        Failure   Level  Hunger
a - Beastly Appendage     Tmut           ##....       14%         1    #......
b - Spider Form           Tmut/Pois      #.........   52%         3    ###....


Dungeon Overview and Level Annotations

Branches:
Dungeon (6/15)             Temple (0/1) D:4

Altars:
Kikubaaqudgha
Sif Muna
Trog
Uskayaw
Zin

Annotations:
D:6 Pikel


Innate Abilities, Weirdness & Mutations

You cannot wear most types of armour.
You are very stealthy in the water. (Stealth+)
((You are amphibious.))
You can wear up to eight rings at the same time.
((You can use your tentacles to constrict eight enemies at once.))
((Your skin changes colour to match your surroundings (Stealth+).))
((Your rubbery body absorbs attacks. (AC +1, EV +1)))


Message History

Pikel is lightly wounded.
The leopard gecko barely misses you. Pikel waves his whip at you.
Pikel barely misses you.
You hit Pikel but do no damage.
Pikel looks as sick as possible!
Pikel is lightly wounded.
The leopard gecko closely misses you. Pikel misses you.
The leopard gecko bites you.
You hit Pikel.
Pikel is lightly wounded.
Pikel hits you with a whip of electrocution.
The leopard gecko bites you.
* * * LOW HITPOINT WARNING * * *
You hit Pikel but do no damage.
Pikel looks as sick as possible!
Pikel is lightly wounded.
The leopard gecko closely misses you.
Pikel hits you with a whip of electrocution.
* * * LOW HITPOINT WARNING * * *
You are electrocuted!
You die...

+# #.###.###.#
#.........# ##
#####.##### .
##.#.# .#
####....#####.##.#l
+...)..............
####....###.#.###.
#..#.# #l# #..#.#
#s# #....# #K#
#..### #p# #.. #p#
#.# ..# ###


You could see Pikel, 2 slaves and a leopard gecko.

Vanquished Creatures
  An orc warrior (D:6)
  A scorpion (D:4)
  A howler monkey (D:5)
  A hound (D:4)
  An orc priest (D:6)
  A bullfrog skeleton (D:6)
  3 worker ants
  Robin (D:4)
  A worker ant zombie (D:5)
  4 gnolls (D:3)
  5 adders
  2 adder skeletons
  5 worms
  4 dart slugs
  7 leopard geckos
  3 orcs
  5 bats
  6 giant cockroaches
  16 goblins
  4 hobgoblins
  11 jackals
  4 kobolds
  A quokka (D:2)
  5 ball pythons
  6 frilled lizards
  7 rats
106 creatures vanquished.

Notes
Turn   | Place    | Note
-------+----------+-------------------------------------------
     0 | D:1      | Kwzr the Octopode Transmuter began the quest for the Orb.
     0 | D:1      | Reached XP level 1. HP: 13/13 MP: 3/3
    80 | D:1      | Reached XP level 2. HP: 16/18 MP: 3/5
   396 | D:1      | Reached XP level 3. HP: 17/23 MP: 6/6
   401 | D:1      | Learned a level 3 spell: Spider Form
   826 | D:2      | Reached XP level 4. HP: 28/28 MP: 5/7
   996 | D:2      | Found a glowing silver altar of Zin.
  1187 | D:2      | Reached skill level 1 in Stealth
  1640 | D:3      | Reached XP level 5. HP: 28/33 MP: 6/8
  1887 | D:3      | Found a hide-covered altar of Uskayaw.
  1887 | D:3      | Found an ancient bone altar of Kikubaaqudgha.
  1890 | D:3      | Became a worshipper of Uskayaw the Reveler
  1920 | D:3      | Reached * piety under Uskayaw
  1952 | D:3      | Reached ** piety under Uskayaw
  2505 | D:4      | Reached *** piety under Uskayaw
  2720 | D:4      | Noticed Robin
  2732 | D:4      | Reached XP level 6. HP: 14/38 MP: 9/9
  2734 | D:4      | Killed Robin
  2881 | D:4      | Found a staircase to the Ecumenical Temple.
  3037 | D:4      | Found a bloodstained altar of Trog.
  3119 | D:4      | Found a deep blue altar of Sif Muna.
  3386 | D:5      | Entered Level 5 of the Dungeon
  3464 | D:5      | Noticed an ice beast
  3610 | D:6      | Noticed an orc warrior
  3658 | D:5      | Noticed an ice beast
  3704 | D:6      | Reached XP level 7. HP: 17/45 MP: 7/11
  4093 | D:6      | Noticed Pikel
  4106 | D:6      | Mangled by Pikel

Skill      XL: |  1  2  3  4  5  6  7 |
---------------+----------------------+-----
Transmutations | 3 4 |  4.0
Dodging        | 3 |  3.8
Stealth        | 1 3 4 |  4.0
Unarmed Combat | 4 |  4.5
Fighting       | 2 |  2.4
Spellcasting   | 3 |  3.0

Action                   |  1- 3 |  4- 6 |  7- 9 || total
-------------------------+-------+-------+-------++-------
Melee: Unarmed           |    78 |   172 |    20 ||   270
       Constrict         |    19 |    36 |     2 ||    57
       Tentacles         |    13 |    28 |     1 ||    42
       Kick              |     9 |    15 |     2 ||    26
       Punch             |       |     5 |     1 ||     6
 Fire: Blowgun           |       |     9 |     5 ||    14
 Cast: Beastly Appendage |     5 |     8 |     2 ||    15
       Spider Form       |     1 |     6 |     1 ||     8
  Use: Potion            |       |     2 |       ||     2
 Stab: Sleeping          |     1 |    10 |     1 ||    12
       Distracted        |       |     1 |       ||     1
       Paralysed         |       |     1 |       ||     1
  Eat: Chunk             |       |     7 |     1 ||     8
       Pizza             |       |     1 |       ||     1
       Royal jelly       |       |     1 |       ||     1
Armor: Skin              |     5 |     3 |       ||     8
Dodge: Dodged            |    59 |   118 |    23 ||   200
